 Dungeon Sprint DCSS version 0.28-a0-1387-g3a22ab9bdc (webtiles) character file.

Game seed: 15007613645415269977

223399 mhtbhm the Ninja (level 17, -4/208 HPs)
             Began as a Naga Berserker on Jan 2, 2022.
             Was the Champion of Trog.
             Slain by Antaeus (6 damage)
             ... in the Dungeon (Sprint III: "The Ten Rune Challenge").
             The game lasted 00:35:38 (13537 turns).

mhtbhm the Ninja (Naga Berserker)                  Turns: 13537, Time: 00:35:39

Health: -4/208     AC: 36    Str: 31    XL:     17   Next: 74%
Magic:  17/17      EV: 21    Int:  8    God:    Trog [******]
Gold:   2799       SH:  5    Dex: 20    Spells: 16/16 levels left

rFire   + + .      SeeInvis +   a - +10 great sword of Chaos {vorpal, rC+ Dex+3}
rCold   + + +      Faith    .   (shield currently unavailable)
rNeg    + + +      Spirit   .   b - +1 plate armour {rF+}
rPois   +          Reflect  +   t - +2 hat {SInv}
rElec   +          Harm     .   y - scarf {repulsion}
rCorr   .          Rampage  .   j - +0 pair of gloves
Will    +++..      NoTele   +   F - +4 barding "Lyfriat" {rC+ Str+4 Dex+2}
Stlth   +++++.....              X - amulet of Nipt {Reflect Will+ Dex+2 SH+5}
HPRegen 0.44/turn               x - ring of Higoqa {Drain Fly rPois rF+ rN+}
MPRegen 0.15/turn               Y - ring "Laiblera" {rElec rN++ EV+4}

@: frozen, on berserk cooldown, flying, hasted and slowed, studying 3 skills,
repel missiles, very slow
A: AC +5, large, see invisible, deformed body, poison resistance, slowness 2,
spit poison 1, naga tail 2, iridescent scales 1, agile 1, cold resistance 1,
screaming 1
}: 4/10 runes: decaying, barnacled, silver, golden
a: Spit Poison, Renounce Religion, Berserk, Trog's Hand, Brothers in Arms


You were in the Dungeon.
You worshipped Trog.
Trog was exalted by your worship.
You visited 1 branch You collected 4171 gold pieces.
You spent 1372 gold pieces at shops.

Inventory:

Hand Weapons
 a - the +10 great sword of Chaos (weapon) {vorpal, rC+ Dex+3}
   (Trog gifted it to you in the Dungeon)

   It inflicts extra damage upon your enemies.
   Dex:       It affects your dexterity (+3).
   rC:        It protects you from cold.
 i - a +2 scimitar of flaming
 p - a +0 long sword of holy wrath
 r - a +4 great sword of flaming
 C - a +1 triple sword of holy wrath
 W - a +5 double sword of holy wrath
 Z - the +8 mithril axe "Arga" {speed, Will+}
   (Trog gifted it to you in the Dungeon)

   Attacks with this weapon are significantly faster.
   Will:      It increases your willpower.
Missiles
 G - 10 atropa-tipped darts (quivered)
 J - a silver javelin
 M - a javelin
Armour
 b - a +1 plate armour of fire resistance (worn)
 j - a +0 pair of gloves (worn)
 t - a +2 hat of see invisible (worn)
 y - a scarf of repulsion (worn)
 E - the +0 barding of the Nexus {Drain Str+5 Dex+3}
   (You acquired it in the Dungeon)

   Str:       It affects your strength (+5).
   Dex:       It affects your dexterity (+3).
   Drain:     It drains your maximum health when unequipped.
 F - the +4 barding "Lyfriat" (worn) {rC+ Str+4 Dex+2}
   (You acquired it in the Dungeon)

   Str:       It affects your strength (+4).
   Dex:       It affects your dexterity (+2).
   rC:        It protects you from cold.
 I - the +4 dragonskin cloak
   (You took it off Tiamat in the Dungeon)

   It grants the wearer a chance to resist fire, cold, poison, electricity,
   acid, and negative energy.
 S - a +2 tower shield of reflection
Jewellery
 e - a ring of fire
 k - the ring of Happiness {rF+ Will+ Str+6 Dex+2}
   (You found it in the Dungeon)

   [ring of strength]

   Str:       It affects your strength (+6).
   Dex:       It affects your dexterity (+2).
   rF:        It protects you from fire.
   Will:      It increases your willpower.
 x - the ring of Higoqa (left hand) {Drain Fly rPois rF+ rN+}
   (You took it off a deep elf demonologist in the Dungeon)

   [ring of flight]

   rF:        It protects you from fire.
   rPois:     It protects you from poison.
   rN:        It protects you from negative energy.
   Fly:       It grants you flight.
   Drain:     It drains your maximum health when unequipped.
 O - the ring "Olafaw" {Contam rPois rC+ Str+5 SInv Stlth+}
   (You found it in the Dungeon)

   [ring of protection from cold]

   Str:       It affects your strength (+5).
   rC:        It protects you from cold.
   rPois:     It protects you from poison.
   SInv:      It lets you see invisible.
   Contam:    It causes magical contamination when unequipped.
   Stlth:     It makes you more stealthy.
 P - the ring of Viekk {rElec Slay+4}
   (You found it in the Dungeon)

   [ring of slaying]

   Slay:      It affects your accuracy & damage with ranged weapons and melee
   (+4).
   rElec:     It insulates you from electricity.
 X - the amulet of Nipt (around neck) {Reflect Will+ Dex+2 SH+5}
   (You found it in the Dungeon)

   [amulet of reflection]

   It reflects blocked missile attacks.
   Dex:       It affects your dexterity (+2).
   SH:        It affects your SH (+5).
   Will:      It increases your willpower.
 Y - the ring "Laiblera" (right hand) {rElec rN++ EV+4}
   (You found it in the Dungeon)

   [ring of evasion]

   EV:        It affects your evasion (+4).
   rElec:     It insulates you from electricity.
   rN:        It greatly protects you from negative energy.
Wands
 l - a wand of iceblast (24)
 N - a wand of mindburst (17)
 U - a wand of digging (1)
Scrolls
 h - a scroll of amnesia
 z - 6 scrolls of identify
 A - a scroll of enchant weapon {unknown}
 K - a scroll of silence {unknown}
Potions
 c - 8 potions of curing
 f - 3 potions of magic
 g - 2 potions of berserk rage
 m - 4 potions of resistance
 n - 7 potions of flight
 o - 4 potions of mutation
 u - 2 potions of lignification
 v - 4 potions of attraction
 w - 2 potions of brilliance {unknown}
 B - 2 potions of degeneration {unknown}
 H - 5 potions of haste
 L - 3 potions of might
 T - 2 potions of invisibility
Miscellaneous
 q - a condenser vane
 D - a lightning rod (4/4)
 Q - a box of beasts
 R - a tin of tremorstones (2/2)
 V - the horn of Geryon


   Skills:
 O Level 27 Fighting
 O Level 27 Long Blades
 + Level 11.2 Throwing
 + Level 18.0 Armour
 + Level 22.2 Dodging
 O Level 27 Stealth
 + Level 13.0 Shields
 + Level 13.9 Evocations


You had 16 spell levels left.
You didn't know any spells.
Your spell library was empty.

Dungeon Overview and Level Annotations

Branches:
Dungeon (1/1)

Altars:
Cheibriados
Dithmenos
Elyvilon
Fedhas
Gozag
Hepliaklqana
Kikubaaqudgha
Makhleb
Nemelex Xobeh
Okawaru
Qazlal
Ru
Sif Muna
Trog
Uskayaw
Vehumet
Wu Jian
Xom
Yredelemnul
Zin
The Shining One
Beogh
Jiyva
Lugonu

Shops:
D =?((?:[![[!!=!=[?:(*::*

Annotations:
D Antaeus


Innate Abilities, Weirdness & Mutations

Your serpentine skin is tough. (AC +5)
You have supernaturally acute eyesight. (SInv)
Armour fits poorly on your strangely shaped body.
Your system is resistant to poisons. (rPois)
You cover ground very slowly.
You can spit poison.
You can use your snake-like lower body to constrict enemies.
You are partially covered in iridescent scales. (AC +2)
You are agile. (Dex +2)
Your flesh is cold resistant. (rC+)
You occasionally shout uncontrollably at your foes.


Message History

The ice encasing you melts away. Antaeus gestures at you.
The flash freeze is repelled.
Antaeus gestures at you. The flash freeze hits you! You partially resist.
* * * LOW HITPOINT WARNING * * *
You are encased in ice.
There is an open door, spattered with blood here.
You feel much better. You block Antaeus's attack. Antaeus misses you.
Unknown command.
You feel much better. The ice encasing you melts away. Antaeus gestures at you.
The flash freeze misses you.
Unknown command.
Your stone giant goes berserk!
Antaeus gestures at you. The flash freeze hits you! You partially resist.
* * * LOW HITPOINT WARNING * * *
You are encased in ice.
Unknown command.
Your troll goes berserk!
Your stone giant hits Antaeus but does no damage.
Antaeus gestures at your stone giant.
The flash freeze hits your stone giant!!
Your stone giant is flash-frozen.
Unknown command.
Press: ? - help, v - describe, . - travel
Here: Antaeus, wearing a +0 tower shield of reflection (water, almost dead, ally target) Some deep water.
Unknown command.
Antaeus blocks your attack.
You catch the helpless Antaeus completely off-guard!
You chop Antaeus into pieces!!!
Antaeus is almost dead.
Antaeus blocks your stone giant's attack.
Antaeus hits you!!!
* * * LOW HITPOINT WARNING * * *
Antaeus freezes you. You resist.
You die...

*........................
*..............)...(.....
*..............))).()....
*...........)..).........
*..............).........
*#######)#############+##
**#≈≈≈≈≈≈≈≈≈#*,,,*,,,,*
*,#≈###≈≈#+##*,,,+,,,,+
##+#≈#T@≈C#,* *,,,*,,,,*
#≈≈≈≈###C≈####**+*******
#≈≈≈≈≈≈≈≈≈≈≈≈# *,,,,,,,,
#≈≈≈≈#C#≈≈≈≈≈#**+*******
##+#≈#φ#≈≈####*,,,*,,,,,
*,*≈###≈≈+,* *,,,+,,,,,
***≈≈≈≈≈≈#** *,,,*,,,,,
****#### **********


You could see Antaeus (ally target), a friendly stone giant (summoned, berserk,
frozen) and a friendly troll (summoned, berserk).

Vanquished Creatures
  An ancient lich (D)
  Tiamat (D)
  Mara (D)
  Frederick (D)
  2 royal mummies (D)
  A Killer Klown (D)
  Geryon (D)
  Sigmund (D)
  Nikola (D)
  An electric golem (D)
  2 Orb Guardians (D)
  An Ice Fiend (D)
  A lich (D)
  A titan (D)
  2 deep elf blademasters (D)
  Polyphemus (D)
  A quicksilver dragon (D)
  A deep elf master archer (D)
  An Executioner (D)
  Chuck (D)
  An ancient champion (D)
  4 shadow dragons (D)
  2 sphinxes (D)
  A storm dragon (D)
  Roxanne (D)
  2 fire giants (D)
  Ilsuiw (D)
  4 azure jellies (D)
  A draconian knight (D)
  4 frost giants (D)
  2 draconian scorchers (D)
  2 ghost moths (D)
  A draconian shifter (D)
  3 draconian stormcallers (D)
  2 stone giants (D)
  Nessos (D)
  2 vampire knights (D)
  Azrael (D)
  3 deep elf demonologists (D)
  A deep elf annihilator (D)
  2 dire elephants (D)
  A yellow draconian (D)
  A fire dragon (D)
  A merfolk javelineer (D)
  2 deep elf high priests (D)
  6 mummy priests (D)
  6 yaktaur captains (D)
  18 vault guards (D)
  2 hell beasts (D)
  5 ice dragons (D)
  3 hydras (D)
  An ogre mage (D)
  Erica (D)
  3 centaur warriors (D)
  4 dancing weapons (D)
  A two-headed ogre (shapeshifter) (D)
  4 death yaks (D)
  Urug (D)
  2 deep elf knights (D)
  A shock serpent (shapeshifter) (D)
  2 soul eaters (D)
  2 sun demons (D)
  A shadow wraith (D)
  A sea snake (D)
  8 skeletal warriors (D)
  A death drake (D)
  A spectral iron dragon (D)
  2 obsidian statues (D)
  3 kraken simulacra (D)
  A spriggan druid (D)
  A swamp dragon (shapeshifter) (D)
  A glowing orange brain (D)
  A lindwurm (D)
  A deep elf zephyrmancer (D)
  2 orc knights (D)
  4 deep elf pyromancers (D)
  2 oklob plants (D)
  4 crystal guardians (D)
  3 ugly things (D)
  A shining eye (D)
  A moth of wrath (shapeshifter) (D)
  A moth of wrath (D)
  An iron troll simulacrum (D)
  2 black mambas (D)
  4 statues (D)
  A molten gargoyle (D)
  Edmund (D)
  2 elephants (D)
  An unseen horror (D)
  2 cane toads (D)
  A komodo dragon (D)
  11 yaktaurs (D)
  20 guardian mummies (D)
  An anaconda simulacrum (D)
  2 ice devils (D)
  3 hornets (D)
  A queen bee (D)
  4 spriggan defenders (D)
  2 tyrant leeches (D)
  8 blink frogs (D)
  An orc high priest (D)
  9 slime creatures (D)
  3 dream sheep (D)
  3 wandering mushrooms (D)
  A shadow (D)
  2 spriggans (D)
  A golden eye (D)
  3 redbacks (D)
  A spatial vortex (D)
  4 hydra simulacra (D)
  A floating eye (D)
  A floating eye (shapeshifter) (D)
  A swamp drake (D)
  2 orc warriors (D)
  A necrophage (D)
  2 centaurs (D)
  An earth elemental (D)
  A water elemental (D)
  32 killer bees (D)
  5 electric eels (D)
  A jelly (D)
  9 orc priests (D)
  Jessica (D)
  A wizard (D)
  An orc wizard (D)
  A necromancer (D)
  A polar bear simulacrum (D)
  A kobold demonologist (D)
  3 humans (D)
  2 swamp drake simulacra (D)
  A phantom (D)
  8 orcs (D)
  An endoplasm (D)
  2 rats (D)
  2 ballistomycete spores (D)
  A bush (D)
  12 butterflies (D)
  6 plants (D)
367 creatures vanquished.

Vanquished Creatures (collateral kills)
  Rupert (D)
  Gastronok (D)
2 creatures vanquished.

Vanquished Creatures (others)
  A rime drake (D)
  2 ball lightnings (D)
  5 ballistomycete spores (D)
  32 plants (D)
  8 tentacles (D)
48 creatures vanquished.

Grand Total: 417 creatures vanquished

Notes
Turn   | Place    | Note
-------+----------+-------------------------------------------
     0 | D        | mhtbhm the Naga Berserker began the quest for the Orb.
     0 | D        | Reached XP level 1. HP: 21/21 MP: 1/1
    33 | D        | Reached ** piety under Trog
    43 | D        | Noticed Jessica
    47 | D        | Killed Jessica
    48 | D        | Reached skill level 1 in Stealth
    48 | D        | Reached XP level 2. HP: 13/31 MP: 2/2
    48 | D        | Reached XP level 3. HP: 16/38 MP: 3/3
   235 | D        | Reached skill level 5 in Fighting
   235 | D        | Reached skill level 5 in Long Blades
   285 | D        | Reached *** piety under Trog
   310 | D        | Gained mutation: You are partially covered in iridescent
                  | scales. (AC +2) [potion of mutation]
   310 | D        | Gained mutation: You are agile. (Dex +2) [potion of
                  | mutation]
   377 | D        | Noticed a water elemental
   389 | D        | Killed a water elemental
   390 | D        | Reached XP level 4. HP: 26/49 MP: 4/4
   568 | D        | Found a radiant altar of Vehumet.
   568 | D        | Found a shimmering blue altar of Sif Muna.
   568 | D        | Found an ancient bone altar of Kikubaaqudgha.
   568 | D        | Noticed a wizard
   572 | D        | Killed a wizard
   573 | D        | Reached XP level 5. HP: 56/56 MP: 5/5
   576 | D        | Reached **** piety under Trog
   595 | D        | Found a basalt altar of Yredelemnul.
   595 | D        | Found a shadowy altar of Dithmenos.
   595 | D        | Found a sacrificial altar of Ru.
   595 | D        | Noticed a necrophage
   600 | D        | Killed a necrophage
   601 | D        | Reached XP level 6. HP: 51/67 MP: 6/6
   774 | D        | Found a hide-covered altar of Uskayaw.
   774 | D        | Found an iron altar of Okawaru.
   774 | D        | Found a bloodstained altar of Trog.
   774 | D        | Found an ornate altar of the Wu Jian Council.
   774 | D        | Noticed a human
   774 | D        | Noticed a human
   782 | D        | Killed a human
   788 | D        | Killed a human
   788 | D        | Reached ***** piety under Trog
   789 | D        | Reached skill level 10 in Long Blades
   789 | D        | Reached XP level 7. HP: 76/76 MP: 7/7
   832 | D        | Found a glowing silver altar of Zin.
   832 | D        | Found a glowing golden altar of the Shining One.
   832 | D        | Found a white marble altar of Elyvilon.
   833 | D        | Noticed a deep elf pyromancer
   835 | D        | Noticed a fire elemental
   839 | D        | Killed a deep elf pyromancer
   840 | D        | Reached skill level 10 in Fighting
   840 | D        | Reached skill level 5 in Dodging
   840 | D        | Reached XP level 8. HP: 87/87 MP: 8/8
   957 | D        | Noticed a shadow
   962 | D        | Killed a shadow
   985 | D        | Found a blossoming altar of Fedhas.
   985 | D        | Found a stormy altar of Qazlal.
   985 | D        | Found a snail-covered altar of Cheibriados.
   985 | D        | Found a burning altar of Makhleb.
   985 | D        | Found a shimmering altar of Xom.
   986 | D        | Found a hazy altar of Hepliaklqana.
   986 | D        | Found an opulent altar of Gozag.
   986 | D        | Found a sparkling altar of Nemelex Xobeh.
   986 | D        | Found a corrupted altar of Lugonu.
   986 | D        | Found a viscous altar of Jiyva.
  1039 | D        | Noticed Erica
  1051 | D        | Killed Erica
  1051 | D        | Received a gift from Trog
  1052 | D        | Reached XP level 9. HP: 63/98 MP: 9/9
  1313 | D        | Noticed a centaur warrior
  1323 | D        | Killed a centaur warrior
  1415 | D        | Noticed an unseen horror
  1441 | D        | Killed an unseen horror
  1442 | D        | Reached skill level 15 in Long Blades
  1442 | D        | Reached skill level 10 in Stealth
  1532 | D        | Noticed a wandering mushroom
  1541 | D        | Noticed a wandering mushroom
  1543 | D        | Noticed a wandering mushroom
  1760 | D        | Noticed a cane toad
  1760 | D        | Noticed a komodo dragon
  1760 | D        | Noticed a cane toad
  1768 | D        | Killed a cane toad
  1768 | D        | Reached ****** piety under Trog
  1769 | D        | Reached XP level 10. HP: 110/110 MP: 10/10
  1771 | D        | Killed a cane toad
  1776 | D        | Received a gift from Trog
  2116 | D        | Noticed a lindwurm
  2122 | D        | Killed a lindwurm
  2131 | D        | Received a gift from Trog
  2200 | D        | Noticed Urug
  2210 | D        | Killed Urug
  2435 | D        | Noticed a seven-headed hydra
  2435 | D        | Noticed a seven-headed hydra
  2444 | D        | Killed a three-headed hydra
  2445 | D        | Reached XP level 11. HP: 121/121 MP: 11/11
  2553 | D        | Killed a three-headed hydra
  2554 | D        | Reached skill level 15 in Fighting
  2717 | D        | Noticed a death drake
  2728 | D        | Killed a death drake
  2729 | D        | Reached skill level 5 in Armour
  2894 | D        | Noticed an ice dragon
  2899 | D        | Killed an ice dragon
  2900 | D        | Reached skill level 15 in Stealth
  2902 | D        | Received a gift from Trog
  3154 | D        | Noticed an ice dragon
  3407 | D        | Noticed a dire elephant
  3407 | D        | Noticed a dire elephant
  3407 | D        | Noticed Gastronok
  3418 | D        | Killed a dire elephant
  3425 | D        | Killed a dire elephant
  3425 | D        | Received a gift from Trog
  3432 | D        | Killed Gastronok
  3706 | D        | Noticed an azure jelly
  3706 | D        | Noticed an azure jelly
  3706 | D        | Noticed an azure jelly
  3707 | D        | Noticed an azure jelly
  3709 | D        | Noticed Rupert
  3716 | D        | Killed Rupert
  3717 | D        | Reached XP level 12. HP: 135/135 MP: 12/12
  3875 | D        | Noticed a death yak
  3876 | D        | Noticed a death yak
  3878 | D        | Noticed a death yak
  3883 | D        | Killed a death yak
  3885 | D        | Noticed a death yak
  3893 | D        | Killed a death yak
  3894 | D        | Reached skill level 10 in Armour
  3898 | D        | Killed a death yak
  3906 | D        | Killed a death yak
  3918 | D        | Received a gift from Trog
  4407 | D        | Noticed Polyphemus
  4457 | D        | Killed Polyphemus
  4609 | D        | Noticed Ilsuiw
  4699 | D        | Received a gift from Trog
  4729 | D        | Received a gift from Trog
  4747 | D        | Received a gift from Trog
  4765 | D        | Identified the +10 great sword of Truncation {vorpal, rC+}
                  | (Trog gifted it to you in the Dungeon)
  4765 | D        | Received a gift from Trog
  4888 | D        | Found Xigaq's Antique Weapon Boutique.
  4888 | D        | Identified the +10 great sword of Chaos {vorpal, rC+ Dex+3}
                  | (Trog gifted it to you in the Dungeon)
  4888 | D        | Received a gift from Trog
  4893 | D        | Received a gift from Trog
  5025 | D        | Noticed a deep elf knight
  5033 | D        | Noticed a deep elf demonologist
  5035 | D        | Killed a deep elf knight
  5042 | D        | Received a gift from Trog
  5042 | D        | Found the +8 Vampire's Tooth {vamp}
  5043 | D        | Reached skill level 1 in Throwing
  5043 | D        | Gained mutation: You can use your snake-like lower body to
                  | constrict enemies. [Naga growth]
  5043 | D        | Reached XP level 13. HP: 78/146 MP: 13/13
  5045 | D        | Noticed a blizzard demon
  5204 | D        | Identified the ring of Higoqa {Drain Fly rPois rF+ rN+}
  5335 | D        | Killed a deep elf demonologist
  5336 | D        | Reached skill level 1 in Evocations
  5389 | D        | Identified the +8 mace of Faxuon {vorpal, Dex+2}
  5389 | D        | Noticed a deep elf high priest
  5392 | D        | Noticed a deep elf high priest
  5393 | D        | Identified the +7 halberd of Gallantry {antimagic, rF- rN+
                  | Int+7 Stlth+}
  5393 | D        | Noticed a deep elf demonologist
  5396 | D        | Killed a deep elf demonologist
  5396 | D        | Received a gift from Trog
  5397 | D        | Noticed a deep elf demonologist
  5400 | D        | Killed a deep elf high priest
  5402 | D        | Noticed a deep elf master archer
  5621 | D        | Noticed a deep elf annihilator
  5676 | D        | Noticed Sigmund
  5676 | D        | Noticed Edmund
  5680 | D        | Killed Sigmund
  5683 | D        | Killed Edmund
  5718 | D        | Received a gift from Trog
  5791 | D        | Found Uwelous's Magic Scroll Emporium.
  5791 | D        | Found Piyraypa's Antique Weapon Shop.
  5791 | D        | Found Maaqomm's General Store.
  5791 | D        | Found Laynusmi's Antique Armour Boutique.
  5791 | D        | Found Vimeb's Book Emporium.
  5791 | D        | Found Empiusuth's Book Shop.
  5791 | D        | Found Xevyocad's Book Emporium.
  5791 | D        | Found Zemnola's Assorted Antiques.
  5792 | D        | Found Ymaffa Xod's Jewellery Boutique.
  5792 | D        | Found Beopocea's Distillery.
  5792 | D        | Found Pofevust's Jewellery Shop.
  5824 | D        | Bought a glowing scarf for 152 gold pieces
  5860 | D        | Bought a scroll of identify for 28 gold pieces
  5860 | D        | Bought a scroll of identify for 28 gold pieces
  5916 | D        | Reached skill level 10 in Dodging
  6069 | D        | Received a gift from Trog
  6152 | D        | Noticed a fire dragon
  6154 | D        | Killed a fire dragon
  6154 | D        | Received a gift from Trog
  6201 | D        | Reached skill level 5 in Throwing
  6346 | D        | Noticed a yaktaur captain
  6363 | D        | Killed a yaktaur captain
  6559 | D        | Noticed Chuck
  6574 | D        | Killed Chuck
  6575 | D        | Reached XP level 14. HP: 113/162 MP: 14/14
  6587 | D        | Identified the +7 falchion "Haadgh" {drain, +Blink rC+++
                  | Str-4 Int+5}
  6593 | D        | Identified the +4 mace of Bloodstone {elec, rF+ Int+4}
  6747 | D        | Received a gift from Trog
  6862 | D        | Noticed an ancient lich
  6923 | D        | Noticed a sphinx
  6923 | D        | Noticed a sphinx
  6937 | D        | Killed a sphinx
  6945 | D        | Killed a sphinx
  6961 | D        | Received a gift from Trog
  7812 | D        | Found a blossoming altar of Fedhas.
  7821 | D        | Noticed a ghost moth
  7833 | D        | Killed a ghost moth
  7917 | D        | Received a gift from Trog
  7925 | D        | Noticed a ghost moth
  7928 | D        | Killed a ghost moth
  7943 | D        | Found Zaec's Magic Scroll Emporium.
  7943 | D        | Found Podopneczu's Book Shop.
  7943 | D        | Found Havon's Antique Armour Shoppe.
  7965 | D        | Bought a scroll of blinking for 105 gold pieces
  7965 | D        | Bought a scroll of blinking for 105 gold pieces
  8042 | D        | Received a gift from Trog
  8050 | D        | Got a decaying rune of Zot
  8196 | D        | Killed an azure jelly
  8201 | D        | Killed an azure jelly
  8208 | D        | Killed an azure jelly
  8214 | D        | Killed an azure jelly
  8318 | D        | Killed Ilsuiw
  8361 | D        | Got a barnacled rune of Zot
  8365 | D        | Found Jigamusi's Antique Weapon Emporium.
  8365 | D        | Found Kocusit's Magic Scroll Boutique.
  8365 | D        | Found Wuk Mun's Jewellery Shoppe.
  8379 | D        | Bought a scroll of blinking for 82 gold pieces
  8379 | D        | Bought a scroll of blinking for 82 gold pieces
  9037 | D        | Noticed Azrael
  9040 | D        | Killed Azrael
  9071 | D        | Acquired the amulet "Tiffaod" {rF+ Regen+}
  9081 | D        | Acquired the +0 barding of the Nexus {Drain Str+5 Dex+3}
  9170 | D        | Received a gift from Trog
  9175 | D        | Killed a deep elf annihilator
  9176 | D        | Reached XP level 15. HP: 89/177 MP: 15/15
  9176 | D        | Killed a deep elf master archer
  9180 | D        | Noticed a Tzitzimitl
  9318 | D        | Identified the ring "Olafaw" {Contam rPois rC+ Str+5 SInv
                  | Stlth+}
  9318 | D        | Identified the ring of Viekk {rElec Slay+4}
  9494 | D        | Noticed Frederick
  9503 | D        | Killed Frederick
  9503 | D        | Received a gift from Trog
  9526 | D        | Noticed a lich
  9533 | D        | Killed a lich
  9541 | D        | Noticed a shadow dragon
  9541 | D        | Noticed a shadow dragon
  9550 | D        | Killed a shadow dragon
  9551 | D        | Reached skill level 27 in Stealth
  9552 | D        | Received a gift from Trog
  9560 | D        | Killed a shadow dragon
  9591 | D        | Received a gift from Trog
  9599 | D        | Noticed a frost giant
  9599 | D        | Noticed a fire giant
  9599 | D        | Noticed a shadow dragon
  9599 | D        | Noticed a shadow dragon
  9599 | D        | Noticed a frost giant
  9599 | D        | Noticed a frost giant
  9599 | D        | Noticed a titan
  9600 | D        | Noticed a quicksilver dragon
  9610 | D        | Received a gift from Trog
  9616 | D        | Reached skill level 5 in Evocations
  9618 | D        | Received a gift from Trog
  9619 | D        | Killed a frost giant
  9621 | D        | Killed a quicksilver dragon
  9621 | D        | Killed a fire giant
  9621 | D        | Received a gift from Trog
  9628 | D        | Killed a shadow dragon
  9629 | D        | Killed a shadow dragon
  9635 | D        | Killed a frost giant
  9635 | D        | Received a gift from Trog
  9640 | D        | Killed a titan
  9642 | D        | Killed a frost giant
  9642 | D        | Received a gift from Trog
  9643 | D        | Reached skill level 15 in Dodging
  9679 | D        | Identified the ring "Godiud" {rPois rC+}
  9683 | D        | Got a silver rune of Zot
  9698 | D        | Identified the amulet of Nipt {Reflect Will+ Dex+2 SH+5}
  9707 | D        | Identified the ring "Laiblera" {rElec rN++ EV+4}
  9709 | D        | Identified the amulet "Hyol" {Reflect rPois SH+5}
  9711 | D        | Identified the +3 leather armour of Pragmatism {-Tele rElec
                  | Str+4 Stlth+}
  9713 | D        | Identified the +9 great sword "Demonbane" {flame, *Rage
                  | rCorr Str+4}
  9719 | D        | Acquired a +5 double sword of holy wrath
  9907 | D        | Reached XP level 16. HP: 195/195 MP: 16/16
  9914 | D        | Received a gift from Trog
 10130 | D        | Noticed a royal mummy
 10130 | D        | Noticed a royal mummy
 10238 | D        | Received a gift from Trog
 10238 | D        | Received a gift from Trog
 10241 | D        | Reached skill level 10 in Evocations
 10261 | D        | Gained mutation: Your flesh is cold resistant. (rC+)
                  | [mutagenic glow]
 10281 | D        | Gained mutation: You occasionally shout uncontrollably at
                  | your foes. [mutagenic glow]
 10815 | D        | Killed a royal mummy
 10816 | D        | Reached skill level 1 in Shields
 10821 | D        | Killed a royal mummy
 10864 | D        | Got a golden rune of Zot
 10867 | D        | Identified the ring of Happiness {rF+ Will+ Str+6 Dex+2}
 10881 | D        | Acquired a +1 triple sword of holy wrath
 10885 | D        | Acquired 427 gold pieces
 10889 | D        | Acquired 1132 gold pieces
 10893 | D        | Acquired a manual of Dodging
 10897 | D        | Acquired the +4 barding "Lyfriat" {rC+ Str+4 Dex+2}
 11065 | D        | Received a gift from Trog
 11068 | D        | Paralysed by an air elemental for 1 turns
 11248 | D        | Found Xoselim's Armour Emporium.
 11248 | D        | Found Lamuatwo's Distillery.
 11248 | D        | Found Bupidec's Armour Shop.
 11248 | D        | Found Zemnola's Distillery.
 11252 | D        | Received a gift from Trog
 11269 | D        | Bought a potion of haste for 100 gold pieces
 11269 | D        | Bought a potion of heal wounds for 50 gold pieces
 11269 | D        | Bought a potion of might for 40 gold pieces
 11269 | D        | Bought a potion of might for 40 gold pieces
 11269 | D        | Bought a potion of curing for 30 gold pieces
 11269 | D        | Bought a potion of curing for 30 gold pieces
 11269 | D        | Bought a potion of curing for 30 gold pieces
 11273 | D        | Bought a potion of haste for 100 gold pieces
 11273 | D        | Bought a potion of heal wounds for 50 gold pieces
 11273 | D        | Bought a potion of might for 40 gold pieces
 11278 | D        | Noticed Roxanne
 11286 | D        | Killed Roxanne
 11324 | D        | Found Eskicw's Distillery.
 11434 | D        | Bought 2 potions of invisibility for 224 gold pieces
 11434 | D        | Bought a potion of might for 56 gold pieces
 11479 | D        | Reached skill level 27 in Fighting
 11594 | D        | Noticed a storm dragon
 11603 | D        | Killed a storm dragon
 11603 | D        | Received a gift from Trog
 11609 | D        | Noticed Nikola
 11622 | D        | Killed Nikola
 11666 | D        | Noticed Mara
 11672 | D        | Killed Mara
 11673 | D        | Reached skill level 5 in Shields
 11725 | D        | Noticed an ancient champion
 11727 | D        | Killed an ancient champion
 11785 | D        | Received a gift from Trog
 11795 | D        | Reached skill level 27 in Long Blades
 11801 | D        | Received a gift from Trog
 11989 | D        | Noticed an Executioner
 11995 | D        | Killed an Executioner
 11995 | D        | Received a gift from Trog
 12049 | D        | Noticed Nessos
 12057 | D        | Killed Nessos
 12059 | D        | Reached XP level 17. HP: 189/208 MP: 17/17
 12150 | D        | Received a gift from Trog
 12197 | D        | Noticed a deep elf blademaster
 12197 | D        | Noticed a deep elf blademaster
 12215 | D        | Killed a deep elf blademaster
 12220 | D        | Killed a deep elf blademaster
 12244 | D        | Noticed a Killer Klown
 12263 | D        | Killed a Killer Klown
 12341 | D        | Noticed an Orb Guardian
 12341 | D        | Noticed an Orb Guardian
 12349 | D        | Killed an Orb Guardian
 12349 | D        | Received a gift from Trog
 12351 | D        | Killed an Orb Guardian
 12352 | D        | Reached skill level 10 in Throwing
 12352 | D        | Reached skill level 15 in Armour
 12358 | D        | Reached skill level 10 in Shields
 12385 | D        | Noticed an ancient lich
 12393 | D        | Killed an ancient lich
 12393 | D        | Received a gift from Trog
 12427 | D        | Noticed an electric golem
 12433 | D        | Killed an electric golem
 12461 | D        | Received a gift from Trog
 12469 | D        | Found the +4 dragonskin cloak
 12469 | D        | Noticed Tiamat
 12489 | D        | Killed Tiamat
 12846 | D        | Noticed Geryon
 12850 | D        | Received a gift from Trog
 12853 | D        | Received a gift from Trog
 12854 | D        | Found the +8 mithril axe "Arga" {speed, Will+}
 12867 | D        | Killed Geryon
 13089 | D        | Received a gift from Trog
 13097 | D        | Noticed an Ice Fiend
 13104 | D        | Killed an Ice Fiend
 13493 | D        | Noticed Antaeus
 13537 | D        | HP: 2/208 [Antaeus (47)]
 13537 | D        | Slain by Antaeus

Illustrated notes

Levels and vault maps discovered:
D:        dungeon_sprint_mu [sprint_mu_entry_cave, sprint_mu_temple_rooms,
          sprint_mu_d1_horrors, sprint_mu_d2_genie, sprint_mu_d3_branching,
          sprint_mu_orc_legion, sprint_mu_elf_gauntlet, sprint_mu_hive_nellie,
          sprint_mu_lair_fedhas, sprint_mu_vaults_butterflies,
          sprint_mu_slime_circle, sprint_mu_swamp_cave, sprint_mu_shoals_archi,
          sprint_mu_blade_basic, sprint_mu_crypt_lich, sprint_mu_tomb_spiral,
          sprint_mu_vestibule_basic, sprint_mu_gehenna_hellfire,
          sprint_mu_dis_giant, sprint_mu_tartarus_statrot,
          sprint_mu_cocytus_islands, sprint_mu_zot1]

Skill      XL: |  1  2  3  4  5  6  7  8  9 10 11 12 13 14 15 16 17 |
---------------+----------------------------------------------------+-----
Fighting       | 4 6 7 9 10 11 13 14 16 18 20 22 25 27 | 27.0
Long Blades    | 4 6 8 10 11 13 15 17 19 21 22 25 27 | 27.0
Armour         | 2 3 4 9 11 12 13 18 | 18.0
Dodging        | 2 3 4 5 6 7 8 9 10 12 15 20 22 | 22.2
Stealth        | 1 2 3 4 6 8 10 13 17 19 22 26 27 | 27.0
Throwing       | 1 5 8 9 11 | 11.2
Evocations     | 2 8 12 13 | 13.9
Shields        | 7 13 | 13.0

Action                   |  1- 3 |  4- 6 |  7- 9 | 10-12 | 13-15 | 16-18 || total
-------------------------+-------+-------+-------+-------+-------+-------++-------
Melee: Falchion          |    24 |    27 |     4 |       |       |       ||    55
       Long sword        |       |       |    22 |       |       |       ||    22
       Scimitar          |       |       |    45 |   239 |       |       ||   284
       Great sword       |       |       |       |     7 |   309 |   324 ||   640
       Constrict         |       |       |       |       |    46 |    58 ||   104
Throw: Javelin           |       |       |       |     7 |     7 |       ||    14
       Dart              |       |       |       |       |     7 |     6 ||    13
Invok: Berserk           |     2 |     1 |     2 |     9 |    11 |    10 ||    35
       Brothers in Arms  |       |       |       |     2 |     1 |     4 ||     7
       Trog's Hand       |       |       |       |       |       |     1 ||     1
 Abil: Spit Poison       |     3 |     2 |     2 |     9 |     2 |     2 ||    20
Evoke: Condenser vane    |       |       |       |     2 |     4 |     6 ||    12
       Lightning rod     |       |       |       |       |     1 |       ||     1
       Tin of tremorston |       |       |       |       |     4 |     4 ||     8
       Wand              |       |       |       |       |       |     1 ||     1
  Use: Potion            |     1 |       |       |     1 |     2 |     8 ||    12
       Scroll            |       |       |       |     3 |     8 |    10 ||    21
 Stab: Sleeping          |     1 |       |     5 |    11 |    27 |     7 ||    51
       Distracted        |       |       |       |     1 |     1 |     3 ||     5
       Confused          |       |       |       |     2 |     2 |       ||     4
Armor: Animal skin       |     5 |     2 |    18 |     3 |       |       ||    28
       Scale mail        |       |       |       |    28 |       |       ||    28
       Leather armour    |       |       |       |    26 |    87 |    55 ||   168
       Ice dragon scales |       |       |       |       |    32 |       ||    32
       Plate armour      |       |       |       |       |       |    92 ||    92
Dodge: Dodged            |     8 |    12 |    27 |    86 |   137 |   249 ||   519
       Repelled          |       |       |       |       |     4 |    10 ||    14
Block: Other             |       |       |       |       |       |    68 ||    68
       Reflection        |       |       |       |       |       |     3 ||     3

Table legend: (Time is in decaauts) A = Elapsed time spent in this place. B = Non-inter-level travel time spent in this place. C = Inter-level travel time spent in this place. D = Time resting spent in this place. E = Time spent auto-exploring this place. F = Levels seen in this place. G = Mean time per level. A B C D E F G +--------+--------+--------+--------+--------+-----+--------+ Total | 14897 | 14707 | 190 | 8939 | 22 | 1 | 14897.0 | Dungeon | 14897 | 14707 | 190 | 8939 | 22 | 1 | 14897.0 | +--------+--------+--------+--------+--------+-----+--------+

Top non-repeatable levels by time:
       D: 14897 daAuts
